AoeStats
← nosta

Arabia

510605654Analyzed
3v3 RM · 9h ago on Oct 1, 2026· 45m 4s· 6 players
Game mode
Random Map
Map size
Normal (6 player)
Population
200
Speed
Normal
Resources
Standard
Victory
Conquest
Starting age
Dark Age
Ending age
Imperial Age
RankedLock teamsTeams togetherTeam positionsShared explorationLock speedFull tech treeHidden civsTurbo modeCheats
Victory
Defeat
🇳🇱 Franks · Netherlands
1068
+14
🇩🇪 Britons · Germany
992
+34
🇪🇸 Saxons · Spain
956
+18
🇫🇷 Celts · France
1068
-19
🇫🇷 Romans · France
1023
-17
🇫🇷 Khmer · France
934
-13
BumBachi
11:28 Feudal Age
10:41 Loom
13:01 Horse Collar
13:08 Double-Bit Axe
13:15 Gold Mining
18:54 Castle Age
16:52 Fletching
17:04 Padded Archer Armor
19:20 Crossbowman
20:38 Heavy Plow
22:02 Wheelbarrow
21:13 Town Watch
21:51 Bodkin Arrow
23:08 Hand Cart
24:32 Leather Archer Armor
25:33 Ballistics
30:59 Imperial Age
29:45 Town Patrol
31:11 Gold Shaft Mining
30:27 Stone Mining
31:54 Bracer
32:24 Ring Archer Armor
32:27 Arbalester
35:51 Bow Saw
38:31 Two-Man Saw
41:35 Conscription
43:06 Yeomen
44:10 Chemistry
44:09 Guilds
44:00 Caravan
44:33 Coinage
45:28 Caravan
Toompower
2:07 Loom
10:12 Feudal Age
11:28 Wheelbarrow
10:41 Double-Bit Axe
20:58 Castle Age
19:20 Gold Mining
22:27 Hand Cart
22:56 Bow Saw
22:34 Town Watch
25:57 Stone Mining
27:12 Pikeman
27:53 Squires
28:44 Forging
32:46 Husbandry
32:52 Scale Mail Armor
32:57 Scale Barding Armor
35:46 Imperial Age
33:19 Town Patrol
34:08 Gold Shaft Mining
35:52 Gambesons
36:30 Chain Barding Armor
35:50 Cavalier
37:11 Iron Casting
37:25 Paladin
40:20 Plate Barding Armor
40:46 Blast Furnace
42:08 Halberdier
42:33 Arson
43:09 Chain Mail Armor
42:53 Light Cavalry
44:56 Plate Mail Armor
Lucas Grijander
4:52 Loom
11:14 Feudal Age
11:30 Man-at-Arms
20:42 Castle Age
19:26 Horse Collar
19:57 Double-Bit Axe
21:46 Wheelbarrow
22:23 Bow Saw
22:10 Pikeman
26:51 Hand Cart
26:45 Gold Mining
29:25 Fletching
33:08 Squires
37:45 Imperial Age
39:30 Halberdier
41:59 Two-Man Saw
41:01 Heavy Plow
41:55 Gold Shaft Mining
41:54 Shield Wall
42:47 Capped Ram
Ludoblues
2:36 Loom
11:17 Feudal Age
18:09 Castle Age
17:36 Horse Collar
17:43 Double-Bit Axe
19:35 Bow Saw
20:57 Heavy Plow
23:18 Ballistics
26:30 Gold Mining
29:23 Gold Shaft Mining
29:36 Wheelbarrow
29:47 Stone Mining
30:59 Hand Cart
35:08 Imperial Age
35:41 Stone Shaft Mining
35:14 Heavy Scorpion
36:06 Siege Engineers
37:18 Forging
37:09 Scale Mail Armor
36:33 Capped Ram
37:01 Pikeman
39:33 Iron Casting
39:14 Chain Mail Armor
45:01 Blast Furnace
44:32 Plate Mail Armor
43:48 Elite Woad Raider
nosta
8:58 Feudal Age
8:30 Loom
10:10 Double-Bit Axe
11:26 Horse Collar
15:07 Forging
16:13 Bloodlines
16:50 Scale Barding Armor
21:31 Castle Age
23:52 Iron Casting
24:22 Bow Saw
25:41 Husbandry
26:03 Chain Barding Armor
27:16 Wheelbarrow
26:27 Town Watch
29:00 Scale Mail Armor
29:51 Stone Mining
31:27 Heavy Plow
31:19 Gold Mining
37:31 Imperial Age
35:16 Hand Cart
35:02 Town Patrol
39:22 Plate Barding Armor
39:48 Blast Furnace
41:47 Scale Mail Armor
43:20 Chain Mail Armor
43:14 Pikeman
44:32 Halberdier
QUIMEURTPERD
2:26 Loom
12:29 Feudal Age
12:53 Horse Collar
14:13 Double-Bit Axe
20:01 Castle Age
19:10 Forging
19:07 Scale Barding Armor
19:10 Gold Mining
20:14 Bloodlines
20:01 Stone Mining
20:50 Heavy Plow
22:02 Bow Saw
23:20 Husbandry
25:08 Town Watch
25:59 Wheelbarrow
29:24 Chain Barding Armor
29:40 Iron Casting
29:10 Scale Mail Armor
30:48 Hand Cart
32:05 Stone Shaft Mining
37:15 Imperial Age
34:46 Town Patrol
35:40 Gold Shaft Mining
39:39 Elite Battle Elephant
40:58 Plate Barding Armor
41:41 Conscription
44:30 Light Cavalry
Connection lost

Rejoining the realm…

Still unreachable

The connection could not be restored.

Session expired

The server has moved on; the page needs a fresh start.